AoeStats
← AxD | Cad Bane

Nomad

509223163Analyzed
3v3 RM · 6d ago on Sep 26, 2026· 53m 45s· 6 players
Game mode
Random Map
Map size
210×210
Population
200
Speed
Normal
Resources
Standard
Victory
Conquest
Starting age
Dark Age
Ending age
Imperial Age
RankedLock teamsTeams togetherTeam positionsShared explorationLock speedFull tech treeHidden civsTurbo modeCheats
Victory
Defeat
🇦🇷 Wei · Argentina
1549
+15
🇨🇦 Japanese · Canada
1512
+16
🇨🇦 Maya · Canada
1501
+17
🇨🇱 Jurchens · Chile
1568
-18
🇦🇷 Armenians · Argentina
1492
-15
🇦🇷 Mongols · Argentina
1491
-15
AxD | Keiokenkun-Uno-Puro
5:01 Loom
14:03 Feudal Age
18:27 Castle Age
17:34 Double-Bit Axe
19:25 Medium Warships
24:35 Bow Saw
25:49 Fishing Lines
26:37 Fletching
26:47 Padded Archer Armor
28:55 Wheelbarrow
28:13 Gillnets
31:11 Bodkin Arrow
35:42 Imperial Age
34:48 Leather Archer Armor
35:24 Gold Mining
35:25 Stone Mining
36:17 Ballistics
36:57 Conscription
36:03 Elite Composite Bowman
36:59 Bracer
38:07 Chemistry
37:25 Hand Cart
37:22 Squires
36:43 Pikeman
37:47 Forging
38:47 Halberdier
40:29 Scale Mail Armor
43:24 Chain Mail Armor
43:44 Iron Casting
45:07 Fereters
45:26 Elite Skirmisher
47:27 Gold Shaft Mining
49:29 Plate Mail Armor
52:34 Horse Collar
AxD | Cad Bane
3:49 Loom
13:11 Feudal Age
13:50 Feudal Age
17:37 Castle Age
15:55 Double-Bit Axe
18:16 Padded Archer Armor
20:15 Fishing Lines
27:49 Horse Collar
31:59 Squires
32:39 Masonry
33:08 Elite Skirmisher
35:02 Bow Saw
35:31 Gambesons
36:40 Wheelbarrow
35:50 Town Watch
44:34 Imperial Age
42:54 Ballistics
43:32 Leather Archer Armor
43:07 Fletching
43:57 Hand Cart
43:28 Treadmill Crane
43:59 Heavy Plow
45:02 Siege Engineers
45:33 Bodkin Arrow
46:08 Ring Archer Armor
46:35 Conscription
46:00 Capped Ram
47:49 Two-Man Saw
48:32 Siege Ram
51:47 Ring Archer Armor
52:12 Fortified Bastions
52:51 Gold Mining
52:53 Stone Mining
AxD | MatrixWars
8:52 Loom
11:59 Feudal Age
12:42 Double-Bit Axe
13:55 Town Watch
19:43 Forging
22:06 Castle Age
22:37 Gold Mining
23:05 Medium Warships
24:12 Bow Saw
24:31 Fletching
27:30 Horse Collar
31:33 Bodkin Arrow
32:14 Scale Barding Armor
34:03 Chain Barding Armor
35:14 Wheelbarrow
35:22 Padded Archer Armor
38:40 Imperial Age
37:08 Husbandry
37:54 Bloodlines
39:02 Iron Casting
38:49 Masonry
40:50 Elite Steppe Lancer
43:34 Conscription
45:51 Blast Furnace
45:20 Elite Skirmisher
46:25 Bracer
47:54 Leather Archer Armor
49:36 Light Cavalry
PickledCabbage
4:39 Loom
13:31 Feudal Age
14:12 Double-Bit Axe
16:14 Fishing Lines
17:45 Horse Collar
18:38 Fletching
24:02 Wheelbarrow
23:13 Town Watch
26:04 Castle Age
24:28 Gold Mining
27:58 Town Watch
31:18 Ballistics
32:05 Padded Archer Armor
32:17 Stone Mining
32:55 Bodkin Arrow
35:55 Leather Archer Armor
38:40 Gold Shaft Mining
38:23 Thumb Ring
39:03 Scale Mail Armor
40:42 Bow Saw
41:45 Heavy Plow
42:50 Chain Mail Armor
42:46 Forging
45:52 Imperial Age
47:07 Parthian Tactics
46:03 Heavy Cavalry Archer
48:18 Plate Mail Armor
47:51 Bracer
47:27 Capped Ram
49:09 Hand Cart
51:04 Yasama
51:35 Masonry
52:26 Chemistry
51:32 Siege Engineers
51:47 Guard Tower
52:44 Ring Archer Armor
52:44 Plate Mail Armor
53:38 Chemistry
52:44 Siege Engineers
53:33 Iron Casting
54:31 Bloodlines
54:22 Husbandry
Chipmunk
5:16 Loom
14:34 Feudal Age
15:48 Town Watch
15:52 Double-Bit Axe
18:36 Castle Age
16:18 Fishing Lines
17:32 Gold Mining
17:33 Stone Mining
18:47 Scale Barding Armor
18:53 Forging
19:31 Bow Saw
19:13 Gillnets
20:05 Bloodlines
20:10 Husbandry
21:56 Wheelbarrow
21:50 Chain Barding Armor
22:37 Medium Warships
27:58 Horse Collar
28:48 Hand Cart
29:25 Gold Shaft Mining
28:58 Heavy Plow
30:16 Stone Shaft Mining
31:47 Ballistics
32:56 Devotion
36:31 Imperial Age
35:49 Iron Casting
34:59 Treadmill Crane
36:39 Tuntian
36:48 Fletching
37:10 Masonry
36:58 Elite Tiger Cavalry
39:04 Conscription
41:06 Hoardings
40:31 Bodkin Arrow
42:09 Chemistry
42:22 Bracer
44:31 Ming Guang Armor
44:44 Parthian Tactics
45:10 Thumb Ring
48:47 Blast Furnace
47:48 Padded Archer Armor
50:41 Crop Rotation
51:54 Coinage
51:25 Caravan
52:47 Murder Holes
53:31 Banking
53:37 Capped Ram
Cyvarios
4:31 Loom
4:48 Loom
13:08 Feudal Age
18:51 Stone Mining
21:21 Castle Age
20:09 Fletching
22:43 Bodkin Arrow
23:07 Town Watch
29:19 Horse Collar
35:49 Padded Archer Armor
36:52 Ballistics
38:47 Heavy Plow
39:27 Wheelbarrow
38:45 Double-Bit Axe
40:26 Gold Mining
44:08 Imperial Age
42:13 Leather Archer Armor
44:03 Thumb Ring
44:52 Bracer
45:53 Chemistry
45:17 Conscription
45:02 Elite Plumed Archer
45:57 Caravan
46:46 Ring Archer Armor
46:28 Masonry
46:35 Scale Mail Armor
48:29 Hand Cart
48:47 Chain Mail Armor
48:43 Forging
48:38 Squires
47:59 Eagle Warrior
49:58 Stone Shaft Mining
49:57 Crop Rotation
49:41 Bow Saw
49:24 Arson
50:12 Plate Mail Armor
49:51 Elite Eagle Warrior
51:26 Holcans
53:24 Iron Casting
Connection lost

Rejoining the realm…

Still unreachable

The connection could not be restored.

Session expired

The server has moved on; the page needs a fresh start.